 Dungeon Crawl Stone Soup version 0.16-a0-4108-g6e49b0d (webtiles) character file.

18596 Chiseanne the Nimble (level 12, -2/97 HPs)
             Began as a Mummy Monk on Feb 26, 2015.
             Was an Initiate of Gozag.
             Slain by a minotaur
             ... wielding a +5 iron rod (2/14)
              (28 damage)
             ... in a labyrinth.
             The game lasted 01:28:17 (29311 turns).

Chiseanne the Nimble (Mummy Monk)                  Turns: 29311, Time: 01:28:17

Health: -2/97      AC: 10    Str: 22    XL:     12   Next: 29%
Magic:  13/22      EV: 25    Int: 18    God:    Gozag
Gold:   401        SH:  0    Dex: 15    Spells: 1 memorised, 13 levels left

rFire  x x .     SeeInvis .     d - +0 long sword (vamp)
rCold  + . .     Clarity  .     B - +2 robe of Space {+Blink MR+ Str+4 Int+6 Dex-2}
rNeg   + + +     SustAb   .     (no shield)
rPois  ∞         Gourm    .     n - +0 helmet {Int+3}
rElec  .         Spirit   .     x - +1 cloak
rCorr  .         Warding  .     l - +2 pair of gloves of the Merchant {+Blink rF- Regen+ Str+3}
rMut   .         Stasis   .     (no boots)
MR     ++...                    (no amulet)
Stlth  ++........               E - +4 ring of slaying
                                k - +6 ring of evasion

@: very resistant to hostile enchantments, unstealthy
A: no food or potions, fire vulnerability, restore body, cold resistance 1,
negative energy resistance 3, poison resistance, torment resistance, unbreathing
a: Potion Petition, Call Merchant, Bribe Branch, Renounce Religion, Evoke Blink


You were in a labyrinth.
You worshipped Gozag.
Gozag was noncommittal.
You were not hungry.

You visited 4 branches of the dungeon, and saw 16 of its levels.
You also visited: Labyrinth and Bailey.

You collected 3160 gold pieces.
You spent 1052 gold pieces at shops.
You paid 1623 gold pieces to Gozag.

Inventory:

Hand weapons
 a - a +3 dagger of venom
 d - a +0 vampiric long sword (weapon)
 e - the +6 arbalest of Absolution {elec, +Inv rPois rN+ MP-9 Dex+4}
   (You found it on level 9 of the Dungeon)

   It charges the ammunition it shoots with electricity; occasionally upon a
   hit, such missiles may discharge and cause terrible harm.
   It affects your dexterity (+4).
   It protects you from poison.
   It protects you from negative energy.
   It affects your magic capacity (-9).
   It lets you turn invisible.
 s - a +3 halberd
 w - a +1 blowgun
Missiles
 f - 46 bolts
 g - 14 silver bolts
 h - 4 bolts of frost
 H - 2 throwing nets (quivered)
Armour
 l - the +2 pair of gloves of the Merchant (worn) {+Blink rF- Regen+ Str+3}
   (You bought it in a shop on level 12 of the Dungeon)

   It affects your strength (+3).
   It makes you vulnerable to fire.
   It lets you blink.
   It increases your rate of regeneration.
 n - a +0 helmet of intelligence (worn)
 q - a +1 pair of gloves
 x - a +1 cloak (worn)
 B - the +2 robe of Space (worn) {+Blink MR+ Str+4 Int+6 Dex-2}
   (You bought it in a shop on level 7 of the Dungeon)

   It affects your strength (+4).
   It affects your intelligence (+6).
   It affects your dexterity (-2).
   It affects your resistance to hostile enchantments.
   It lets you blink.
Jewellery
 k - a +6 ring of evasion (left hand)
 p - an uncursed ring of invisibility
 D - an uncursed ring of wizardry
 E - a +4 ring of slaying (right hand)
Magical devices
 o - a wand of enslavement (9)
 v - a wand of teleportation (3)
Scrolls
 c - 3 scrolls of blinking
 m - a scroll of remove curse
 y - 2 scrolls of teleportation
 z - 5 scrolls of identify
Miscellaneous
 b - a phial of floods (inert)
 i - a crystal ball of energy
 j - an ornate deck of destruction {drawn: 4}
 r - an ornate deck of wonders {drawn: 4}


   Skills:
 - Level 10.2 Fighting
 - Level 5.2 Crossbows
 - Level 4.3 Armour
 - Level 11.5 Dodging
 - Level 1.5 Stealth
 - Level 3.2 Unarmed Combat
 * Level 2.9 Spellcasting
 * Level 2.7 Hexes
 - Level 6.5 Evocations


You had 13 spell levels left.
You knew the following spells:

 Your Spells              Type           Power        Failure   Level  Hunger
a - Confuse               Hex            ##......     21%         3    N/A

Dungeon Overview and Level Annotations

Branches:
Dungeon (12/15)            Temple (1/1) D:4            Lair (1/8) D:11
    Orc (2/4) D:10

Altars:
Ashenzari
Cheibriados
Dithmenos
Elyvilon
Fedhas
Gozag
Kikubaaqudgha
Makhleb
Nemelex Xobeh
Okawaru
Qazlal
Ru
Sif Muna
Trog
Vehumet
Xom
Yredelemnul
Zin
The Shining One

Shops:
D:7 [   D:12 [   D:14 }

Portals:
Trove: D:11 (give +4 fire dragon armour)

Annotations:
D:6 1 runed door


Innate Abilities, Weirdness & Mutations

You do not eat or drink.
Your flesh is vulnerable to fire.
Your flesh is cold resistant.
You are immune to negative energy.
Your system is resistant to poisons.
You are immune to unholy pain and torment.
You can survive without breathing.


Message History

Something gores you but does no damage.
Use which ability? (? or * to list)
A powerful magic prevents control of your teleportation.
You blink.
You hear a zap.
A burst of metal fragments appears from out of thin air!
The burst of metal fragments misses you.
A burst of metal fragments appears from out of thin air!
The burst of metal fragments misses you.
A burst of metal fragments appears from out of thin air!
The burst of metal fragments misses you.
A burst of metal fragments appears from out of thin air!
The burst of metal fragments misses you.
A burst of metal fragments appears from out of thin air!
The burst of metal fragments misses you.
You barely miss something.
Something furiously retaliates!
Something headbutts you, but does no damage.
Something hits you!!
You die...
Your body crumbles into a pile of gold.

..#.### #
##.#.#. #(#
#..#.# # (#
###..#.# # #
....#.# #
#(# .
#..#.#.###.#
#.§#.# (( #
. #.{#(#####
# . .
#.@((...#
#####.#.# .
.# .. # ##


There were no monsters in sight!

Vanquished Creatures
  A great orb of eyes (Lair:1)
  A hydra (D:11)
  Harold (D:11)
  Erolcha (Orc:1)
  The ghost of Charly the Purveyor of Pain, an experienced DsNe of Kikubaaqudgha (D:10)
  3 hill giants
  4 ugly things
  A black mamba (Lair:1)
  A gargoyle (D:11)
  The ghost of hornqvist the Covert, an experienced SpAs of Ashenzari (D:6)
  A komodo dragon (Lair:1)
  2 trolls (D:9)
  Grinder (D:4)
  A two-headed ogre (D:11)
  A basilisk (Lair:1)
  A trapdoor spider (D:11)
  A deep elf mage (D:11)
  4 yaks (D:11)
  4 hippogriffs
  A warg (Orc:1)
  2 wolves (Lair:1)
  A soldier ant (D:11)
  An ice beast (D:10)
  15 orc warriors
  2 necrophages
  3 phantoms
  3 porcupines (Lair:1)
  5 ogres
  3 black bears
  4 sky beasts
  2 crocodiles
  An eye of draining (D:10)
  Duvessa (D:6)
  2 centaurs
  11 giant frogs
  7 scorpions
  A wyvern skeleton (D:11)
  7 wights
  11 killer bees
  A quasit (D:6)
  7 electric eels (D:10)
  7 hounds
  Dowan (D:6)
  2 giant frog zombies
  3 goliath beetles
  A centaur skeleton (D:6)
  7 crimson imps
  13 orc priests
  26 orc wizards
  A giant frog skeleton (D:11)
  3 jellies
  An iguana (Lair:1)
  8 worker ants
  Ijyb (D:1)
  A hound zombie (D:11)
  A hound skeleton (D:10)
  2 mummies
  2 gnolls (Bailey)
  3 shadow imps
  12 adders
  4 giant mites
  6 worms
  An adder zombie (D:7)
  3 adder skeletons
  4 giant geckos
  87 orcs
  4 ball pythons
  14 bats
  A bat zombie (D:8)
  9 giant cockroaches
  16 goblins
  20 hobgoblins
  13 jackals
  5 quokkas
  A giant cockroach zombie (D:5)
  2 giant gecko skeletons
  9 giant newts
  3 giant spores
  3 goblin skeletons (D:5)
  A goblin zombie (D:5)
  3 hobgoblin zombies (D:5)
  33 kobolds
  A kobold skeleton (D:5)
  A kobold zombie (D:5)
  2 orc skeletons (D:5)
  A quokka zombie (D:7)
  16 rats
  4 ballistomycetes (D:10)
  5 fungi
  4 plants (Lair:1)
493 creatures vanquished.

Vanquished Creatures (collateral kills)
  A killer bee (D:6)
  An orc priest (D:8)
  A giant cockroach (D:6)
  A rat (D:8)
4 creatures vanquished.

Vanquished Creatures (others)
  A water elemental (D:11)
  An air elemental (Lab)
  An orc warrior (Bailey)
  A scorpion (D:6)
  2 worker ants (D:6)
  A giant mite (D:6)
  An orc (D:10)
  A giant cockroach (D:6)
  A goblin (Bailey)
  A giant spore (D:6)
  A kobold (Bailey)
  A ballistomycete (D:10)
13 creatures vanquished.

Grand Total: 510 creatures vanquished

Notes
Turn   | Place    | Note
--------------------------------------------------------------
     0 | D:1      | Chiseanne, the Mummy Monk, began the quest for the Orb.
     0 | D:1      | Reached XP level 1. HP: 18/18 MP: 1/1
   132 | D:1      | Reached XP level 2. HP: 5/24 MP: 2/2
  1346 | D:2      | Reached skill level 4 in Fighting
  1600 | D:2      | Found a shattered altar of Ashenzari.
  1607 | D:2      | Noticed Ijyb
  1632 | D:2      | HP: 1/25 [adder (1)]
  1656 | D:1      | Reached skill level 1 in Armour
  1656 | D:1      | Reached XP level 3. HP: 3/30 MP: 3/3
  1962 | D:1      | Killed Ijyb
  2501 | D:2      | Found a shadowy altar of Dithmenos.
  2567 | D:2      | Reached XP level 4. HP: 28/37 MP: 4/4
  3958 | D:3      | Reached XP level 5. HP: 26/42 MP: 5/5
  6334 | D:1      | Noticed a centaur
  9338 | D:2      | Reached XP level 6. HP: 48/48 MP: 6/6
 10132 | D:4      | Noticed Grinder
 10150 | D:4      | Paralysed by Grinder for 4 turns
 10713 | D:4      | Found an iron altar of Okawaru.
 10775 | D:5      | Entered Level 5 of the Dungeon
 11107 | D:4      | Found a radiant altar of Vehumet.
 11284 | D:4      | Found a staircase to the Ecumenical Temple.
 11296 | Temple   | Entered the Ecumenical Temple
 11464 | D:4      | Paralysed by Grinder for 2 turns
 11495 | D:4      | Paralysed by Grinder for 3 turns
 11635 | D:4      | Paralysed by Grinder for 4 turns
 11651 | D:4      | Paralysed by Grinder for 4 turns
 11667 | D:4      | Killed Grinder
 11667 | D:4      | Reached XP level 7. HP: 29/54 MP: 7/7
 12648 | D:5      | Reached skill level 5 in Fighting
 13087 | D:6      | Found a deep blue altar of Sif Muna.
 13087 | D:6      | Found an opulent altar of Gozag.
 13091 | D:6      | Became a worshipper of Gozag Ym Sagoz the Greedy
 13123 | D:6      | Noticed hornqvist's ghost (experienced SpAs)
 13147 | D:7      | Noticed a white ugly thing
 13236 | D:6      | Killed hornqvist's ghost
 13236 | D:6      | Reached skill level 7 in Fighting
 13236 | D:6      | Reached XP level 8. HP: 45/67 MP: 8/8
 13785 | D:5      | Reached skill level 8 in Fighting
 14205 | D:5      | Found a glowing golden altar of the Shining One.
 14532 | D:6      | Noticed Dowan
 14533 | D:6      | Noticed Duvessa
 14545 | D:6      | Killed Duvessa
 14545 | D:6      | Reached skill level 9 in Fighting
 14564 | D:6      | Killed Dowan
 14784 | D:6      | Reached XP level 9. HP: 69/78 MP: 9/9
 14915 | D:6      | Found a runed door.
 14921 | D:6      | Found a runed door.
 14938 | D:6      | Reached skill level 5 in Dodging
 15089 | D:6      | Found a blossoming altar of Fedhas.
 15089 | D:6      | Found a glowing silver altar of Zin.
 15089 | D:6      | Found a snail-covered altar of Cheibriados.
 15464 | D:6      | Found a burning altar of Makhleb.
 15633 | D:7      | Reached skill level 10 in Fighting
 15646 | D:7      | Reached skill level 1 in Evocations
 15667 | D:7      | Killed a white ugly thing
 16857 | D:7      | Found Ytiahid's Armour Shop.
 16860 | D:7      | Bought the +2 robe of Space {+Blink MR+ Str+4 Int+6 Dex-2} for 565 gold pieces
 16927 | D:7      | Bought a +0 cloak for 54 gold pieces
 17412 | D:8      | Found a sparkling altar of Nemelex Xobeh.
 17526 | D:8      | Reached XP level 10. HP: 83/85 MP: 14/14
 17702 | D:8      | HP: 4/85 [orc priest/divine providence (13)]
 18767 | D:9      | Reached skill level 5 in Evocations
 18787 | D:9      | Got a crystal arbalest
 18792 | D:9      | Identified the +6 arbalest of Absolution {elec, +Inv rPois rN+ MP-9 Dex+4} (You found it on level 9 of the Dungeon)
 18961 | D:9      | Noticed a red ugly thing
 18982 | D:9      | Killed a red ugly thing
 19241 | D:9      | Found a glowing golden altar of the Shining One.
 19733 | D:9      | Reached skill level 1 in Crossbows
 19916 | D:10     | Entered Level 10 of the Dungeon
 20148 | D:10     | Noticed Charly's ghost (experienced DsNe)
 20166 | D:10     | Killed Charly's ghost
 20962 | D:10     | Noticed a hill giant
 20972 | D:10     | Killed a hill giant
 20972 | D:10     | Reached skill level 5 in Crossbows
 20972 | D:10     | Reached XP level 11. HP: 46/91 MP: 10/20
 21499 | D:10     | Found a staircase to the Orcish Mines.
 21868 | D:10     | Noticed a hill giant
 21888 | D:10     | Killed a hill giant
 22972 | D:11     | Noticed a hill giant
 22989 | D:11     | Killed a hill giant
 23295 | D:11     | Noticed Harold
 23314 | D:11     | Killed Harold
 23314 | D:11     | Reached skill level 10 in Dodging
 23610 | D:11     | Found a portal to a secret trove of treasure.
 23621 | D:11     | Noticed a five-headed hydra
 23630 | D:11     | Killed a five-headed hydra
 24096 | D:11     | Found a staircase to the Lair.
 24242 | Lair:1   | Entered Level 1 of the Lair of Beasts
 24270 | Lair:1   | Learned a level 3 spell: Confuse
 24440 | Lair:1   | Found a glowing golden altar of the Shining One.
 24726 | Lair:1   | Reached skill level 11 in Dodging
 25045 | Lair:1   | Reached XP level 12. HP: 81/97 MP: 22/22
 25284 | Lair:1   | Noticed a six-headed hydra
 25284 | Lair:1   | Noticed a great orb of eyes
 25284 | Lair:1   | a six-headed hydra changed into a great orb of eyes
 25309 | Lair:1   | Killed a great orb of eyes
 25588 | Orc:1    | Entered Level 1 of the Orcish Mines
 25653 | Orc:1    | Reached skill level 1 in Hexes
 25658 | Orc:1    | Found a flagged portal.
 25668 | Orc:1    | Got a crude hand axe
 25671 | Bailey   | Entered a bailey
 25694 | Bailey   | Identified the cursed -2 hand axe "Noibe" {vamp, Stlth+} (You found it on level 1 of the Orcish Mines)
 25729 | Bailey   | Reached skill level 1 in Spellcasting
 25782 | Bailey   | Hired Qetahesu the big kobold for 84 gold.
 26811 | Orc:1    | Noticed Erolcha
 26821 | Orc:1    | Killed Erolcha
 27768 | D:12     | Found Stiury's Antique Armour Shoppe.
 27770 | D:12     | Bought a pair of translucent gloves for 294 gold pieces
 27781 | D:12     | Identified the +2 pair of gloves of the Merchant {+Blink rF- Regen+ Str+3} (You bought it in a shop on level 12 of the Dungeon)
 27795 | D:12     | Bought a glowing helmet for 139 gold pieces
 27875 | D:12     | Found a labyrinth entrance.
 27884 | Lab      | Entered a labyrinth
 28153 | Lab      | Noticed a minotaur
 29311 | Lab      | Slain by a minotaur

Action                   |  1- 3 |  4- 6 |  7- 9 | 10-12 || total
-------------------------+-------+-------+-------+-------++-------
Melee: Unarmed           |   169 |   599 |   684 |       ||  1452
       Dagger            |       |       |   245 |   674 ||   919
       Blowgun           |       |       |     1 |       ||     1
       Lajatang          |       |       |    42 |    57 ||    99
       Halberd           |       |       |       |   137 ||   137
       Long sword        |       |       |       |     3 ||     3
 Fire: Blowgun           |       |       |    35 |    33 ||    68
       Arbalest          |       |       |       |   118 ||   118
Throw: Javelin           |       |       |    36 |    26 ||    62
       Tomahawk          |       |       |       |     9 ||     9
Invok: Potion Petition   |       |       |     1 |       ||     1
       Call Merchant     |       |       |       |     2 ||     2
 Abil: Evoke Blink       |       |       |       |     4 ||     4
       Evoke Invisibilit |       |       |       |     3 ||     3
Evoke: Wand              |       |       |     1 |    19 ||    20
       Deck              |       |       |       |    13 ||    13
       Phial of floods ( |       |       |       |     2 ||     2
  Use: Scroll            |     3 |     5 |     9 |    10 ||    27
 Stab: Distracted        |       |       |     2 |     4 ||     6
       Sleeping          |       |       |     2 |     6 ||     8
       Paralysed         |       |       |     1 |    12 ||    13
       Invisible         |       |       |       |     1 ||     1
